Match 41027547
Unlisted

Match 41027547
End
Kettenkrad Recon Vehicle
Construct Infanterie Kompanie
Selects Terror Battlegroup
Selects Machine Gun Camouflage
MG 42 Machine Gun Team
Grenadier Squad
Grenadier Squad
MG 42 Machine Gun Team
Construct Panzergrenadier Kompanie
Panzergrenadier Squad
Panzergrenadier Officer Quarters
Pak 40 Anti-tank Gun Team
Selects Contempt for the Weak
Panzergrenadier Squad
Construct Panzer Kompanie
Medical Bunker
Selects No Quarter
Sturmpanzer IV Brummbär
Pak 40 Anti-tank Gun Team
Selects King Tiger Heavy Tank
King Tiger Heavy Tank
Panzer Officer Quarters
ohmygod321
Arse
ShoulderGuy
Pinhead Larry
0
0

Comments sign in to comment!

No comments posted yet!